 Dungeon Crawl Stone Soup version 0.24-a0-235-g3f03afcf10 (webtiles) character file.

Game seed: 14179446280209248571

63 MrRokkomies the Charmwright (level 4, -1/34 HPs)
             Began as a Barachi Skald on Apr 9, 2019.
             Slain by a gnoll
             ... wielding a +0 halberd
              (6 damage)
             ... on level 2 of the Dungeon.
             The game lasted 00:04:24 (1614 turns).

MrRokkomies the Charmwright (Barachi Skald)         Turns: 1614, Time: 00:04:25

Health: -1/34      AC:  4    Str: 12    XL:     4   Next: 10%
Magic:  2/7        EV: 12    Int: 15    God:
Gold:   47         SH:  0    Dex: 11    Spells: 2/7 levels left

rFire    . . .     SeeInvis .   a - +0 falchion
rCold    . . .     Gourm    .   (no shield)
rNeg     . . .     Faith    .   b - +0 leather armour
rPois    .         Spirit   .   (no helmet)
rElec    .         Reflect  .   f - +0 cloak
rCorr    .         Harm     .   (no gloves)
MR       .....                  (no boots)
Stlth    +.........             (no amulet)
HPRegen  0.11/turn              (no ring)
MPRegen  0.10/turn              (no ring)

@: can't hop, flying, slow
A: +LOS, swims, slowness 1, strong legs 1
a: Hop


You were on level 2 of the Dungeon.
You were not hungry.

You visited 1 branch of the dungeon, and saw 2 of its levels.

You collected 47 gold pieces.

Inventory:

Hand Weapons
 a - a +0 falchion (weapon)
Missiles
 h - 38 bolts
Armour
 b - a +0 leather armour (worn)
 f - a +0 cloak (worn)
Scrolls
 c - a scroll of amnesia {unknown}
 j - a scroll of remove curse {unknown}
 l - 2 scrolls of identify {unknown}
Potions
 e - a potion of curing
Comestibles
 d - 5 rations


   Skills:
 - Level 2.4 Fighting
 * Level 4.0 Long Blades
 - Level 1.2 Armour
 - Level 2.1 Dodging
 - Level 2.1 Spellcasting
 * Level 4.4 Charms


You had 2 spell levels left.
You knew the following spells:

 Your Spells              Type           Power        Failure   Level  Hunger
a - Infusion              Chrm           ###.         4%          1    #......
b - Shroud of Golubria    Chrm/Tloc      #.........   17%         2    ###....
c - Song of Slaying       Chrm           ###.....     7%          2    ###....

Your spell library contained the following spells:

 Spells                   Type           Power        Failure   Level  Hunger
 Regeneration             Chrm/Necr      #.........   32%         3    ###....
 Spectral Weapon          Hex/Chrm       #.......     32%         3    ###....


Dungeon Overview and Level Annotations

Branches:
Dungeon (2/15)

Altars:
Makhleb
Nemelex Xobeh


Innate Abilities, Weirdness & Mutations

Shadows flee at your approach. (+LOS)
You can swim through water.
You cover ground slowly.
You can hop short distances.


Message History

The gnoll is severely wounded.
The gnoll misses you.
Your shroud bends the gnoll's attack away.
You hit the gnoll.
You kill the gnoll!
Your Long Blades skill increases to level 4!
You have reached level 4!
You feel clever. The gnoll misses you. The gnoll misses you.
The gnoll barely misses you.
Your shroud begins to fray at the edges.
You see here a rat corpse.
The gnoll closely misses you.
Your shroud unravels.
The gnoll hits you from afar with a +0 halberd!
* * * LOW HITPOINT WARNING * * *
There is a stone staircase leading up here.
The gnoll hits you from afar with a +0 halberd.
You die...

#.... ############ #......#
#.... ##..........## #......#
#....##............###......#
.....#.....(........##......#
....................##.)....#
................)...........#
#....#...................>..#
#...........................#
#####.#.........@.........###
## #..#.......>...######### #.
...##....##....g## #. .....
#.....#..##..## ##.
#####..[...###'###..### #..
.......###.....###..# ##.#
###...##.........##w########...
##..#..⌠.....⌠..#w..#........
#..#.....⌠.....#.....##.....


You could see 2 worms and a gnoll.

Vanquished Creatures
  2 gnolls (D:2)
  An ooze (D:2)
  A worm (D:2)
  2 dart slugs
  A leopard gecko (D:1)
  A ball python (D:1)
  A giant cockroach (D:1)
  4 hobgoblins
  4 kobolds (D:1)
  4 bats (D:1)
  3 frilled lizards
  3 goblins (D:2)
  6 rats
33 creatures vanquished.

Notes
Turn   | Place    | Note
-------+----------+-------------------------------------------
     0 | D:1      | MrRokkomies the Barachi Skald began the quest for the Orb.
     0 | D:1      | Reached XP level 1. HP: 17/17 MP: 3/3
   262 | D:1      | Reached XP level 2. HP: 14/23 MP: 5/5
   936 | D:1      | Reached XP level 3. HP: 28/28 MP: 6/6
   940 | D:1      | Learned a level 2 spell: Shroud of Golubria
   943 | D:1      | Learned a level 2 spell: Song of Slaying
  1360 | D:2      | Found a burning altar of Makhleb.
  1360 | D:2      | Found a sparkling altar of Nemelex Xobeh.
  1597 | D:2      | Reached XP level 4. HP: 10/34 MP: 0/7
  1614 | D:2      | Slain by a gnoll

Levels and vault maps discovered:
D:1:      minmay_arrival_jagged, layout_basic
D:2:      layout_rooms, gammafunk_temple_overflow_pools, minmay_tetromino_t4,
          uniq_crazy_yiuf_cottage

Skill      XL: |  1  2  3 |
---------------+----------+-----
Long Blades    | 3 4 |  4.0
Charms         | 4 |  4.4
Fighting       | |  2.4
Armour         | |  1.2
Dodging        | |  2.1
Spellcasting   | |  2.1

Action                   |  1- 3 |  4- 6 || total
-------------------------+-------+-------++-------
Melee: Falchion          |   100 |       ||   100
 Cast: Shroud of Golubri |     2 |       ||     2
       Infusion          |     1 |       ||     1
 Abil: Hop               |     1 |       ||     1
  Use: Potion            |     4 |       ||     4
       Scroll            |     2 |       ||     2
  Eat: Chunk             |     3 |       ||     3
Armor: Leather armour    |    31 |       ||    31
Dodge: Dodged            |    69 |     4 ||    73
       Rpst.: Falchion   |    24 |       ||    24

Table legend:
 A = Non-vault XP
 B = Vault XP
 C = Vault XP percentage of total XP
 D = Non-vault monster count
 E = Vault monster count
 F = Vault count percentage of total count
                 A         B        C        D         E       F
            +---------+---------+-------+---------+---------+-------
      Total |      91 |       0 |   0.0 |      33 |       0 |   0.0
            +---------+---------+-------+---------+---------+-------
        D:1 |      34 |       0 |   0.0 |      19 |       0 |   0.0
        D:2 |      57 |       0 |   0.0 |      14 |       0 |   0.0
            +---------+---------+-------+---------+---------+-------
